 Dungeon Crawl Stone Soup version 0.24-b1 (webtiles) character file.

Game seed: 14036402210658994862, levelgen mode: deterministic

4925 Arixos the Sneak (level 10, -3/51 HPs)
             Began as a Vine Stalker Skald on Oct 13, 2019.
             Was a Follower of Ru.
             Slain by a seven-headed hydra (4 damage)
             ... on level 8 of the Dungeon.
             The game lasted 00:50:26 (6853 turns).

Arixos the Sneak (Vine Stalker Skald)               Turns: 6853, Time: 00:50:27

Health: -3/51      AC:  6    Str: 13    XL:     10   Next: 52%
Magic:  0/19       EV: 17    Int: 13    God:    Ru [*.....]
Gold:   431        SH:  0    Dex: 22    Spells: 8/20 levels left

rFire    . . .     SeeInvis +   C - +11 long sword of an ice cave {flame, rF- Dex+4}
rCold    . . .     Gourm    .   (no shield)
rNeg     . . .     Faith    .   a - +1 ring mail {rF+}
rPois    .         Spirit   +   (no helmet)
rElec    .         Reflect  .   (no cloak)
rCorr    .         Harm     .   (no gloves)
MR       +....                  (no boots)
Stlth    +++.......             (no amulet)
HPRegen  0.57/turn              u - +3 ring of evasion
MPRegen  0.16/turn              p - ring of see invisible

@: no scrolls
A: fangs 3, regeneration 1, magic shield, antimagic bite, no potion heal 3, rot
immunity, inability to read while threatened
a: Renounce Religion


You were on level 8 of the Dungeon.
You worshipped Ru.
Ru was aware of your devotion.
You were not hungry.

You visited 3 branches of the dungeon, and saw 10 of its levels.
You also visited: Ossuary.

You collected 431 gold pieces.

Inventory:

Hand Weapons
 C - the +11 long sword of an ice cave (weapon) {flame, rF- Dex+4}
   (You found it on level 5 of the Dungeon)

   It has been specially enchanted to burn those struck by it, causing extra
   injury to most foes and up to half again as much damage against particularly
   susceptible opponents.
   Big, fiery blades are also staple armaments of hydra-hunters.
   It affects your dexterity (+4).
   It makes you vulnerable to fire.
Missiles
 s - 40 poisoned darts (quivered)
Armour
 a - a +1 ring mail of fire resistance (worn)
Jewellery
 p - a ring of see invisible (right hand)
 u - a +3 ring of evasion (left hand)
Wands
 o - a wand of enslavement (5)
 D - a wand of disintegration (18)
Scrolls
 c - 3 scrolls of identify
 e - 4 scrolls of fog
 i - 5 scrolls of magic mapping
 r - a scroll of amnesia
 t - a scroll of enchant armour
 v - 3 scrolls of teleportation
 w - 4 scrolls of fear
 x - 3 scrolls of remove curse
Potions
 b - a potion of magic
 f - 2 potions of flight {unknown}
 g - a potion of brilliance {unknown}
 h - 2 potions of ambrosia {unknown}
 j - 8 potions of curing {unknown}
 k - 3 potions of agility {unknown}
 l - 4 potions of cancellation {unknown}
 m - 2 potions of invisibility {unknown}
 n - a potion of haste {unknown}
 q - 2 potions of lignification {unknown}
 z - 2 potions of might {unknown}
 A - 2 potions of degeneration {unknown}
Comestibles
 d - 21 rations


   Skills:
 + Level 5.0 Fighting
 + Level 4.9 Long Blades
 + Level 4.1 Armour
 + Level 4.4 Dodging
 + Level 6.5 Stealth
 + Level 5.5 Spellcasting
 + Level 5.9 Charms
 + Level 4.7 Necromancy
 + Level 4.8 Translocations


You had 8 spell levels left.
You knew the following spells:

 Your Spells              Type           Power        Failure   Level  Hunger
a - Song of Slaying       Chrm           ###.....     4%          2    ##.....
d - Vampiric Draining     Necr           ###.......   16%         3    ###....
e - Blink                 Tloc           N/A          8%          2    ##.....
r - Regeneration          Chrm/Necr      ###.......   12%         3    ###....
s - Shroud of Golubria    Chrm/Tloc      ###...       6%          2    ##.....

Your spell library contained the following spells:

 Spells                   Type           Power        Failure   Level  Hunger
 Infusion                 Chrm           ###.         3%          1    None
 Animate Skeleton         Necr           N/A          5%          1    None
 Pain                     Necr           ###.         5%          1    None
 Spectral Weapon          Hex/Chrm       ##......     32%         3    ###....
 Magic Dart               Conj           #...         36%         1    None
 Animate Dead             Necr           N/A          45%         4    ####...
 Call Imp                 Summ           #.......     50%         2    ##.....
 Slow                     Hex            #.......     50%         2    ##.....
 Conjure Flame            Conj/Fire      #.......     73%         3    ###....
 Mephitic Cloud           Conj/Pois/Air  #.......     73%         3    ###....


Dungeon Overview and Level Annotations

Branches:
Dungeon (8/15)             Temple (1/1) D:5            Lair (1/6) D:8
Ossuary (visited)

Altars:
Ashenzari
Cheibriados
Dithmenos
Elyvilon
Fedhas
Gozag
Hepliaklqana
Kikubaaqudgha
Makhleb
Nemelex Xobeh
Okawaru
Qazlal
Ru
Sif Muna
Trog
Uskayaw
Vehumet
Wu Jian
Xom
Yredelemnul
Zin
The Shining One
Beogh

Annotations:
D:7 2 transporters


Innate Abilities, Weirdness & Mutations

You have razor-sharp teeth.
Your natural rate of healing is unusually fast.
When hurt, damage is shared between your health and your magic reserves.
Your bite disrupts and absorbs the magic of your enemies.
Potions cannot restore your health.
You are immune to rotting.
You cannot read scrolls while threatened.


Message History

The seven-headed hydra closely misses you.
The seven-headed hydra misses you.
The seven-headed hydra barely misses you.
The seven-headed hydra bites you. The seven-headed hydra bites you!
* * * LOW HITPOINT WARNING * * *
You climb upwards.
Welcome back to the Dungeon!
There is a staircase to the Lair here.
You can read scrolls again.
Casting: Shroud of Golubria (safe; 6% risk of failure)
Confirm with . or Enter, or press ? or * to list all spells.
You blink.
The seven-headed hydra bites you!
You feel threatened and lose the ability to read scrolls!
The seven-headed hydra bites you.
* * * LOW HITPOINT WARNING * * *
The seven-headed hydra barely misses you.
The seven-headed hydra bites you!
* * * LOW HITPOINT WARNING * * *
The seven-headed hydra bites you but does no damage.
The seven-headed hydra bites you.
You die...

##.# #........# .#.# #........#
...# ##........# ...####
###...####### ......######
##....## .##........######...###
#######.........ยง..##
##......#......D.###
.#########......@..### ##### ..#
#.........##.....### ##...#
..###.......#....#.....#####.....
###.[.......#.######.............
.)..#.......#.# ####..........
.########.....#############......
..........##.......##......#.....
##################.##......##...#
### #..#......######


You could see a seven-headed hydra.

Vanquished Creatures
  Pikel (D:8)
  An elephant (D:7)
  2 hippogriffs
  A basilisk (D:8)
  A human (D:7)
  3 hogs (D:7)
  2 orc warriors
  4 slaves
  An ice beast (D:5)
  A black bear (D:7)
  3 phantoms
  A sky beast (D:7)
  3 ogres
  A centaur (D:5)
  2 crocodiles (D:8)
  An elf zombie (Ossuary)
  A gnoll sergeant (D:6)
  4 bullfrogs
  2 scorpions
  5 wights (D:6)
  5 howler monkeys
  A bullfrog zombie (D:7)
  4 jellies
  2 orc priests
  4 orc wizards
  2 centaur skeletons (D:5)
  An iguana (D:5)
  A bullfrog skeleton (D:5)
  3 worker ants
  A killer bee zombie (D:7)
  A hound zombie (D:5)
  3 mummies (Ossuary)
  7 gnolls
  10 adders
  A shadow imp (D:5)
  4 oozes
  3 adder zombies
  4 worms
  3 dart slugs
  3 leopard geckos
  18 orcs
  3 bats
  5 giant cockroaches
  11 goblins
  15 hobgoblins
  6 jackals
  4 quokkas
  A ball python (D:3)
  A frilled lizard (D:4)
  A goblin zombie (Ossuary)
  3 hobgoblin zombies (Ossuary)
  5 kobolds
  6 kobold zombies (Ossuary)
  4 quokka zombies (Ossuary)
  8 rats
  A rat zombie (Ossuary)
195 creatures vanquished.

Vanquished Creatures (others)
  A yak (D:7)
1 creature vanquished.

Grand Total: 196 creatures vanquished

Notes
Turn   | Place    | Note
-------+----------+-------------------------------------------
     0 | D:1      | Arixos the Vine Stalker Skald began the quest for the Orb.
     0 | D:1      | Reached XP level 1. HP: 11/11 MP: 4/4
    96 | D:1      | Reached skill level 1 in Armour
    96 | D:1      | Reached XP level 2. HP: 9/15 MP: 4/6
   100 | D:1      | Learned a level 2 spell: Shroud of Golubria
   601 | D:1      | Reached XP level 3. HP: 18/18 MP: 7/7
   606 | D:1      | Learned a level 3 spell: Regeneration
   676 | D:2      | Reached skill level 1 in Stealth
  1121 | D:2      | Gained mutation: Your natural rate of healing is unusually
                  | fast. [Vine Stalker growth]
  1121 | D:2      | Reached XP level 4. HP: 23/23 MP: 8/8
  1243 | D:3      | Reached skill level 1 in Translocations
  1499 | D:2      | Learned a level 2 spell: Song of Slaying
  1536 | D:2      | Reached XP level 5. HP: 23/26 MP: 8/10
  1767 | D:3      | Reached skill level 1 in Necromancy
  1895 | D:3      | Reached skill level 2 in Stealth
  1992 | D:3      | Reached XP level 6. HP: 31/32 MP: 9/11
  2998 | D:5      | Entered Level 5 of the Dungeon
  3108 | D:5      | Noticed an ice beast
  3134 | D:5      | Reached XP level 7. HP: 33/35 MP: 6/12
  3190 | D:5      | Reached skill level 3 in Stealth
  3262 | D:5      | Found a sand-covered staircase.
  3269 | Ossuary  | Entered an ossuary
  3547 | D:5      | Found a staircase to the Ecumenical Temple.
  3578 | Temple   | Entered the Ecumenical Temple
  3649 | Temple   | Became a worshipper of Ru the Awakened
  3891 | D:5      | Gained mutation: You have razor-sharp teeth. [Vine Stalker
                  | growth]
  3891 | D:5      | Reached XP level 8. HP: 17/40 MP: 6/14
  4022 | D:5      | Got a transparent long sword
  4023 | D:5      | Identified the +11 long sword of an ice cave {flame, rF-
                  | Dex+4} (You found it on level 5 of the Dungeon)
  4226 | D:5      | Found a stormy altar of Qazlal.
  4408 | D:6      | Learned a level 2 spell: Blink
  4647 | D:6      | Reached skill level 4 in Stealth
  4975 | D:6      | Reached XP level 9. HP: 41/45 MP: 10/16
  4992 | D:6      | Found an ornate altar of the Wu Jian Council.
  5079 | D:6      | Found a shimmering altar of Xom.
  5502 | D:7      | Gained mutation: You cannot read scrolls while threatened.
                  | [Ru sacrifice]
  5502 | D:7      | Reached * piety under Ru
  5694 | D:7      | Noticed a troll
  5717 | D:7      | Noticed a two-headed ogre
  5734 | D:7      | Reached skill level 5 in Charms
  5804 | D:7      | Found a shattered altar of Ashenzari.
  5808 | D:7      | Found a transporter.
  5811 | D:7      | Reached skill level 5 in Stealth
  5818 | D:7      | Found a roughly hewn altar of Beogh.
  5818 | D:7      | Found a transporter.
  6019 | D:8      | Noticed Pikel
  6110 | D:8      | Reached skill level 5 in Spellcasting
  6201 | D:8      | Killed Pikel
  6201 | D:8      | Reached XP level 10. HP: 50/51 MP: 16/18
  6255 | D:8      | Found a staircase to the Lair.
  6273 | D:8      | Noticed an elephant
  6273 | D:8      | Reached skill level 6 in Stealth
  6433 | D:7      | Killed an elephant
  6577 | D:8      | Learned a level 3 spell: Vampiric Draining
  6584 | D:8      | Reached skill level 5 in Fighting
  6810 | Lair:1   | Entered Level 1 of the Lair of Beasts
  6815 | Lair:1   | Noticed an eight-headed hydra
  6853 | D:8      | HP: 1/51 [seven-headed hydra (11)]
  6853 | D:8      | Slain by a seven-headed hydra

Skill      XL: |  1  2  3  4  5  6  7  8  9 10 |
---------------+-------------------------------+-----
Armour         | 1 2 3 4 |  4.1
Fighting       | 2 3 4 5 |  5.0
Long Blades    | 2 3 4 |  4.9
Stealth        | 1 2 3 4 5 6 |  6.5
Dodging        | 2 3 4 |  4.4
Translocations | 1 2 3 4 |  4.8
Necromancy     | 1 2 3 4 |  4.7
Spellcasting   | 3 4 5 |  5.5
Charms         | 4 5 |  5.9

Action                   |  1- 3 |  4- 6 |  7- 9 | 10-12 || total
-------------------------+-------+-------+-------+-------++-------
Melee: Falchion          |    87 |   243 |   123 |       ||   453
       Bite              |    25 |    87 |    89 |    23 ||   224
       Long sword        |       |       |   104 |    47 ||   151
Throw: Dart              |       |       |       |     1 ||     1
 Cast: Shroud of Golubri |    11 |    42 |    43 |    11 ||   107
       Regeneration      |     1 |     3 |     5 |     3 ||    12
       Infusion          |       |     1 |       |       ||     1
       Song of Slaying   |       |     2 |     6 |     1 ||     9
       Blink             |       |       |       |     2 ||     2
Invok: Sacrifice Words   |       |       |     1 |       ||     1
  Use: Scroll            |       |     6 |     8 |     3 ||    17
       Potion            |       |       |     1 |       ||     1
 Stab: Sleeping          |     1 |     1 |     8 |     1 ||    11
  Eat: Chunk             |     2 |    10 |    15 |     3 ||    30
Armor: Leather armour    |    19 |    40 |    12 |       ||    71
       Ring mail         |       |       |    22 |    19 ||    41
Dodge: Dodged            |    47 |   179 |   207 |    79 ||   512
       Rpst.: Falchion   |    17 |    56 |    40 |       ||   113
       Long sword        |       |       |    29 |    13 ||    42
